 Dungeon Crawl Stone Soup version 0.30.0-10-gfe55d96785 (webtiles) character file.

Game seed: 2782315678610991204

2471 zeram the Cleaver (level 9, -8/79 HPs)
             Began as a Minotaur Fighter on May 15, 2023.
             Was an Initiate of Gozag.
             Mangled by an unseen horror simulacrum (20 damage)
             ... on level 8 of the Dungeon.
             The game lasted 00:14:29 (6280 turns).

zeram the Cleaver (Minotaur Fighter)                Turns: 6280, Time: 00:14:30

Health: -8/79      AC: 17    Str: 31    XL:     9   Next: 26%
Magic:  8/8        EV:  9    Int:  5    God:    Gozag
Gold:   1028       SH:  6    Dex: 10    Spells: 8/8 levels left

rFire   . . .        D - +2 war axe (flame)
rCold   . . .        c - +1 buckler
rNeg    . . .        j - +0 shadow dragon scales
rPois   .            u - +1 hat
rElec   .            (no cloak)
rCorr   .            t - +0 pair of gloves
SInv    .            (no boots)
Will    .....        (no amulet)
Stlth   ++           l - +6 ring of strength
HPRegen 0.33/turn    (no ring)
MPRegen 0.11/turn

%: no passive effects
@: gold aura, hasted, very quick
A: horns 2, retaliatory headbutt
a: Renounce Religion, Potion Petition, Call Merchant, Bribe Branch


You were on level 8 of the Dungeon.
You worshipped Gozag.
Gozag was most pleased with you.
You visited 2 branches of the dungeon, and saw 9 of its levels.

You collected 2010 gold pieces.
You spent 169 gold pieces at shops.
You paid 813 gold pieces to Gozag.

Inventory:

Hand Weapons
 a - a +1 war axe
 y - a +0 whip of freezing
 D - a +2 war axe of flaming (weapon)
Missiles
 A - a throwing net (quivered)
Armour
 b - a +0 scale mail
 c - a +1 buckler (worn)
 j - +0 shadow dragon scales (worn)
 t - a +0 pair of gloves (worn)
 u - a +1 hat (worn)
Jewellery
 l - a +6 ring of strength (left hand)
Wands
 i - a wand of mindburst (11)
 q - a wand of roots (11)
 B - a wand of paralysis (3)
 C - a wand of flame (15)
Scrolls
 e - a scroll of silence
 h - 3 scrolls of teleportation
 k - a scroll of butterflies
 p - a scroll of enchant armour
 r - 5 scrolls of noise
 z - a scroll of amnesia
Potions
 d - a potion of might
 f - 5 potions of curing
 g - a potion of berserk rage {unknown}
 m - a potion of lignification {unknown}
 o - a potion of haste
 s - 2 potions of attraction {unknown}
 v - 4 potions of degeneration {unknown}
 w - 3 potions of heal wounds {unknown}
 x - 2 potions of mutation {unknown}


   Skills:
 + Level 7.3 Fighting
 + Level 10.5 Axes
 + Level 7.9 Armour
 + Level 2.1 Dodging
 + Level 6.2 Shields


You had 8 spell levels left.
You didn't know any spells.
Your spell library contained the following spells:

 Spells                   Type           Power      Damage    Failure   Level
 Necrotise                Necr           0%         1d4       94%         1
 Blink                    Tloc           0%         N/A       98%         2
 Lesser Beckoning         Tloc           0%         N/A       98%         2
 Momentum Strike          Conj/Tloc      0%         3d8       98%         2
 Frozen Ramparts          Ice            0%         1d1       100%        3
 Portal Projectile        Hex/Tloc       0%         N/A       100%        3
 Tukima's Dance           Hex            0%         N/A       100%        3
 Vampiric Draining        Necr           0%         2d6       100%        3
 Ice Form                 Ice/Tmut       0%         N/A       100%        4
 Summon Ice Beast         Ice/Summ       0%         N/A       100%        4
 Agony                    Necr           0%         N/A       100%        5
 Blade Hands              Tmut           0%         N/A       100%        5


Dungeon Overview and Level Annotations

Branches:
Dungeon (8/15)             Temple (1/1) D:4
   Lair: D:8-11

Altars:
Ashenzari
Dithmenos
Elyvilon
Fedhas
Gozag
Hepliaklqana
Kikubaaqudgha
Nemelex Xobeh
Okawaru
Qazlal
Sif Muna
Trog
Uskayaw
Vehumet
Wu Jian
Xom
Yredelemnul
The Shining One

Shops:
D:8 (


Innate Abilities, Weirdness & Mutations

You have a pair of horns on your head.
You reflexively headbutt those who attack you in melee.


Message History

The gnoll shouts!
Unknown command.
You rip the net and break free!
The gnoll is no longer distracted by gold.
The unseen horror simulacrum hits you but does no damage. x2
The gnoll hits you from afar with a +0 halberd.
The gnoll hits you but does no damage.
Unknown command.
You barely miss the unseen horror simulacrum.
You hit the gnoll. You burn the gnoll.
The unseen horror simulacrum hits you but does no damage.
You block the unseen horror simulacrum's attack.
The gnoll hits you but does no damage. x2
The unseen horror simulacrum hits you.
The unseen horror simulacrum freezes you!
Unknown command.
You barely miss the gnoll.
The gnoll is heavily wounded.
You hit the unseen horror simulacrum.
You melt the unseen horror simulacrum.
The unseen horror simulacrum hits you but does no damage. x2
The gnoll hits you but does no damage. x2
The unseen horror simulacrum hits you.
The unseen horror simulacrum freezes you!!
You slash the gnoll! You burn the gnoll.
You kill the gnoll!
You hit the unseen horror simulacrum.
You melt the unseen horror simulacrum.
The gnoll is no longer distracted by gold.
The unseen horror simulacrum hits you but does no damage.
The unseen horror simulacrum hits you.
The unseen horror simulacrum freezes you!
* * * LOW HITPOINT WARNING * * *
The gnoll barely misses you. The gnoll misses you.
The unseen horror simulacrum closely misses you.
Unknown command.
Okay, then.
You feel yourself speed up. The unseen horror simulacrum hits you.
* * * LOW HITPOINT WARNING * * *
The unseen horror simulacrum freezes you!!
You die...
Your body crumbles into a pile of gold.

#........ ..............
###...... .........#...
##..... ...<......#.#
#..... ............#
##.... ............##
#.... ......g......##
##... ......$$$$....##
##...
.....g$@.......#####.∩..
.......Z....#........###
............#..#####..#
...............# ##.##
..............## #..#
..............# ##.#
#............## ###..
............# #.... .#
##........## #....


You could see 2 gnolls and an unseen horror simulacrum.

Vanquished Creatures
  2 orc warriors (D:7)
  An ice beast (D:8)
  An ogre (D:6)
  2 centaurs (D:6)
  2 phantoms (D:5)
  A kobold brigand (D:7)
  A scorpion (D:6)
  3 jellies
  4 bullfrogs (D:7)
  3 wights (D:6)
  4 killer bees (D:8)
  A crimson imp (D:6)
  4 hounds
  2 gnoll boudas
  5 orc priests
  2 sleepcaps
  4 iguanas
  3 orc wizards
  A centaur simulacrum (D:8)
  A killer bee simulacrum (D:8)
  13 gnolls
  8 adders
  4 white imps
  An ufetubus (D:8)
  6 dart slugs
  28 orcs
  4 ball pythons
  8 endoplasms
  3 giant cockroaches
  6 goblins
  4 hobgoblins
  4 jackals (D:2)
  13 kobolds
  4 quokkas
  5 bats
  5 frilled lizards
  4 rats (D:1)
  A spectral orc (D:3)
168 creatures vanquished.

Notes
Turn   | Place    | Note
-------+----------+-------------------------------------------
     0 | D:1      | zeram the Minotaur Fighter began the quest for the Orb.
     0 | D:1      | Reached XP level 1. HP: 19/19 MP: 0/0
    72 | D:1      | Reached XP level 2. HP: 16/27 MP: 1/1
   262 | D:1      | Reached XP level 3. HP: 29/33 MP: 2/2
   566 | D:2      | Reached skill level 3 in Axes
   924 | D:2      | Reached XP level 4. HP: 32/40 MP: 3/3
  1215 | D:3      | Found a basalt altar of Yredelemnul.
  1499 | D:4      | Reached skill level 4 in Axes
  1541 | D:4      | Reached XP level 5. HP: 41/47 MP: 4/4
  1543 | D:4      | Reached skill level 1 in Dodging
  1581 | D:4      | Reached skill level 5 in Armour
  1971 | D:4      | Reached skill level 5 in Axes
  1971 | D:4      | Reached XP level 6. HP: 50/53 MP: 5/5
  2147 | D:4      | Found a staircase to the Ecumenical Temple.
  2563 | D:4      | Reached skill level 5 in Fighting
  2563 | D:4      | Reached skill level 6 in Axes
  2748 | D:4      | Identified a scroll of acquirement
  2748 | D:4      | Acquired 1001 gold pieces
  2809 | Temple   | Entered the Ecumenical Temple
  2960 | Temple   | Became a worshipper of Gozag Ym Sagoz the Greedy
  3051 | D:5      | Entered Level 5 of the Dungeon
  3140 | D:5      | Reached XP level 7. HP: 61/61 MP: 6/6
  3161 | D:5      | Reached skill level 7 in Axes
  4034 | D:6      | Found a bloodstained altar of Trog.
  4035 | D:6      | Found a stormy altar of Qazlal.
  4035 | D:6      | Found a sparkling altar of Nemelex Xobeh.
  4036 | D:6      | Found a radiant altar of Vehumet.
  4055 | D:6      | Reached skill level 8 in Axes
  4055 | D:6      | Reached XP level 8. HP: 46/70 MP: 7/7
  4268 | D:6      | Reached skill level 5 in Shields
  4323 | D:6      | Found an ornate altar of the Wu Jian Council.
  4647 | D:6      | Found a shimmering blue altar of Sif Muna.
  5166 | D:7      | Reached skill level 9 in Axes
  5304 | D:7      | Found a shimmering altar of Xom.
  5310 | D:7      | Found a shimmering altar of Xom.
  5311 | D:7      | Found a shimmering altar of Xom.
  5503 | D:7      | Reached XP level 9. HP: 47/79 MP: 8/8
  5974 | D:8      | Reached skill level 10 in Axes
  6006 | D:8      | Bought a runed war axe for 169 gold pieces
  6056 | D:8      | Noticed a polar bear
  6280 | D:8      | Mangled by an unseen horror simulacrum

Illustrated notes

Levels and vault maps discovered:
D:1:      lightli_arrival_statue_moat, layout_basic
D:2:      layout_rooms
D:3:      layout_rooms, yredelemnul_forgotten_temple_becter, minmay_bisected
D:4:      layout_gridville, minmay_temple_entry_nine_rooms, minivault_25
D:5:      layout_loops_ring
D:6:      layout_basic, led_sif_book, nzn_wu_jian_council_hall,
          chequers_temple_overflow_statue_of_worship, chequers_garden,
          minmay_fire_ice_demons
D:7:      layout_basic, xom_redecorated
D:8:      layout_cave_pods, serial_ice, serial_ice_n, serial_ice_d,
          serial_ice_b, serial_ice_c, serial_ice_j, serial_ice_a, serial_ice_h,
          serial_ice_o, serial_ice_e, serial_ice_g,
          nicolae_shop_i_like_small_books_too
Temple:   hellmonk_temple_flake

Skill      XL: |  1  2  3  4  5  6  7  8  9 |
---------------+----------------------------+-----
Armour         | 4 5 6 7 |  7.9
Fighting       | 4 5 7 |  7.3
Shields        | 4 6 |  6.2
Axes           | 3 4 5 6 8 9 10 | 10.5
Dodging        | 1 2 |  2.1

Action                     |  1- 3 |  4- 6 |  7- 9 || total
---------------------------+-------+-------+-------++-------
  Melee: War axe           |    89 |   106 |   188 ||   383
         Headbutt          |     5 |    26 |    31 ||    62
 Invoke: Call Merchant     |       |       |     1 ||     1
    Use: Scroll            |     3 |     5 |    10 ||    18
         Potion            |       |       |     1 ||     1
   Stab: Sleeping          |     2 |     4 |     2 ||     8
 Armour: Scale mail        |    27 |       |       ||    27
         Shadow dragon sca |    25 |    69 |   135 ||   229
  Dodge: Dodged            |    37 |    50 |    84 ||   171
  Block: Buckler           |    21 |    27 |    51 ||    99
